 Dungeon Crawl Stone Soup version 0.16-a0-3909-g31f9ca0 (webtiles) character file.

10458 PolkaDot the Summoner (level 11, -9/70 HPs)
             Began as a Vampire Summoner on Feb 2, 2015.
             Was a High Priest of Sif Muna.
             Mangled by a hill giant
             ... wielding a +0 giant club
              (33 damage)
             ... on level 12 of the Dungeon on Feb 3, 2015.
             The game lasted 01:05:01 (13475 turns).

PolkaDot the Summoner (Vampire Summoner)           Turns: 13475, Time: 01:05:01

Health: -9/70      AC:  9    Str:  7    XL:     11   Next: 36%
Magic:  44/44      EV: 14    Int: 25    God:    Sif Muna [*****.]
Gold:   755        SH:  0    Dex: 14    Spells: 4 memorised, 1 level left

rFire  + . .     SeeInvis +     b - staff of power
rCold  + . .     Clarity  .     i - +2 robe {rF+}
rNeg   . . .     SustAb   .     (no shield)
rPois  .         Gourm    .     D - +3 hat of Pondering {ponderous, MR+ MP+10 Int+5}
rElec  .         Spirit   .     h - +0 cloak
rCorr  .         Warding  .     E - +0 pair of gloves
rMut   .         Stasis   .     (no boots)
MR     ++...                    s - amulet of rage
Stlth  ++++++....               J - ring of stealth
                                e - ring of protection from cold

@: regenerating very quickly, studying Summonings, slow, very resistant to
hostile enchantments, very stealthy
A: bottle blood, fangs 3, see invisible, unbreathing
a: Channel Energy, Forget Spell, Renounce Religion, Evoke Berserk Rage


You were on level 12 of the Dungeon.
You worshipped Sif Muna.
Sif Muna was extremely pleased with you.
You were almost alive.

You visited 2 branches of the dungeon, and saw 13 of its levels.
You also visited: Labyrinth.

You collected 901 gold pieces.
You spent 146 gold pieces at shops.

Inventory:

Hand weapons
 a - the +8 quarterstaff of Debt {drain, *Rage rN+ MP+9}
   (You found it on level 5 of the Dungeon)

   A truly terrible weapon, it drains the life of those it strikes.
   It protects you from negative energy.
   It affects your magic capacity (+9).
   It may make you go berserk in combat.
Missiles
 n - 5 throwing nets (quivered)
Armour
 h - a +0 cloak (worn)
 i - a +2 robe of fire resistance (worn)
 D - the +3 hat of Pondering (worn) {ponderous, MR+ MP+10 Int+5}
   (You took it off Gastronok on level 10 of the Dungeon)

   It affects your intelligence (+5).
   It affects your resistance to hostile enchantments.
   It affects your magic capacity (+10).
 E - a +0 pair of gloves (worn)
Magical staves
 b - an uncursed staff of power (weapon)
Jewellery
 e - a ring of protection from cold (left hand)
 s - an amulet of rage (around neck)
 J - a ring of stealth (right hand)
Magical devices
 l - a wand of frost (20)
 x - a wand of slowing (14)
 H - a wand of flame (28)
 I - a wand of digging (4)
 L - a wand of digging (11)
Scrolls
 g - a scroll of immolation
 j - a scroll of fog
 k - 3 scrolls of remove curse
 o - 3 scrolls of magic mapping
 p - 2 scrolls of teleportation
 q - 2 scrolls of enchant armour
 r - a scroll of torment {unknown}
 t - 2 scrolls of acquirement {unknown}
 u - a scroll of random uselessness {unknown}
 v - a scroll of enchant weapon
 y - a scroll of noise {unknown}
 z - a scroll of recharging {unknown}
 A - a scroll of holy word {unknown}
 C - a scroll of fear {unknown}
Potions
 c - 11 potions of blood {@*1}
 d - a potion of brilliance
 B - 2 potions of cancellation
 G - a potion of restore abilities
Books
 f - a book of Callings

   Spells                             Type                      Level
   a - Summon Small Mammal            Summoning                    1
   b - Call Imp                       Summoning                    2
   c - Call Canine Familiar           Summoning                    3
   d - Summon Guardian Golem          Hexes/Summoning              4
   e - Summon Lightning Spire         Summoning/Air                4
   f - Summon Ice Beast               Ice/Summoning                4
 m - a manual of Summonings
 w - a book of Ice

   Spells                             Type                      Level
   a - Ice Form                       Ice/Transmutation            4
   b - Metabolic Englaciation         Hexes/Ice                    5
   c - Ozocubu's Refrigeration        Ice                          6
   d - Bolt of Cold                   Conjuration/Ice              6
   e - Freezing Cloud                 Conjuration/Ice/Air          6
   f - Simulacrum                     Ice/Necromancy               6
 F - a Necronomicon {highlevel, unknown}

   This book is beyond your current level of understanding.

   Spells                             Type                      Level
   a - Haunt                          Necromancy/Summoning         7
   b - Borgnjor's Revivification      Necromancy                   8
   c - Death's Door                   Charms/Necromancy            8
   d - Necromutation                  Transmutation/Necromancy     8
 K - a book of Minor Magic

   Spells                             Type                      Level
   a - Magic Dart                     Conjuration                  1
   b - Blink                          Translocation                2
   c - Call Imp                       Summoning                    2
   d - Repel Missiles                 Charms/Air                   2
   e - Slow                           Hexes                        2
   f - Conjure Flame                  Conjuration/Fire             3
   g - Mephitic Cloud                 Conjuration/Poison/Air       3


   Skills:
 - Level 1.3 Fighting
   Level 5.2 Short Blades
 + Level 3.1 Staves
 - Level 4.4 Dodging
 - Level 11.1 Stealth
 - Level 2.0 Spellcasting
 + Level 5.9 Hexes
 * Level 13.7 Summonings
 - Level 5.1 Ice Magic
 - Level 4.2 Evocations


You had one spell level left.
You knew the following spells:

 Your Spells              Type           Power        Failure   Level  Hunger
d - Call Canine Familiar  Summ           ######..     1%          3    ###....
g - Summon Guardian Gole  Hex/Summ       ######..     1%          4    ####...
i - Summon Ice Beast      Ice/Summ       #####...     2%          4    ####...
s - Call Imp              Summ           ######..     1%          2    ##.....


Dungeon Overview and Level Annotations

Branches:
Dungeon (12/15)            Temple (1/1) D:5            Lair (0/8) D:11
    Orc (0/4) D:10

Altars:
Ashenzari
Cheibriados
Dithmenos
Elyvilon
Fedhas
Gozag
Kikubaaqudgha
Makhleb
Nemelex Xobeh
Okawaru
Qazlal
Ru
Sif Muna
Trog
Vehumet
Xom
Yredelemnul
Zin
The Shining One
Lugonu

Shops:
D:7 ?[


Innate Abilities, Weirdness & Mutations

Your natural rate of healing is extremely fast.
You can bottle blood from corpses.
You have razor-sharp teeth.
You have supernaturally acute eyesight.
You can survive without breathing.


Message History

The big kobold blocks your warg's attack.
GONNNNG!
The big kobold hits your warg with a short sword.
The hill giant hits you with a giant club!
* * * LOW HITPOINT WARNING * * *
You see here 25 stones.
The big kobold hits your warg but does no damage.
The big kobold blocks your warg's attack.
GONNNNG!
The big kobold barely misses your warg.
The big kobold blocks your warg's attack.
GONNNNG!
The hill giant hits you with a giant club!!
* * * LOW HITPOINT WARNING * * *
The big kobold blocks your warg's attack.
GONNNNG!
The big kobold blocks your warg's attack.
PANG!
The hill giant hits you with a giant club!!
You die...

≈≈....#......##### #K#
≈####.#......# #h#
......#..9...# #.#
(.....#......# #.#
......#...... #.#
.≈....###### #.# ......# #.#
...)..####################.#
................@C.....hK..#
#####.######################
# #.#.).......# #
#.#.#######.# #
#.#.######<.# #
#.#.)....#.....# #
#.######.#.###.# # #.# #§#..
# # #.# #.###


You could see a hill giant, a big kobold and a friendly warg.

Vanquished Creatures
  Psyche (D:10)
  2 deep elf magi (D:10)
  A yak (D:11)
  A wyvern (D:10)
  A hippogriff (D:8)
  A hungry ghost (D:8)
  A human (D:7)
  A wolf (D:12)
  A water moccasin (D:9)
  2 phantoms
  An orc warrior (D:6)
  4 ogres
  An eye of draining (D:10)
  3 centaurs
  A necrophage (D:7)
  4 giant frogs
  A wyvern skeleton (D:11)
  3 scorpions
  7 killer bees (D:10)
  3 goliath beetles
  A centaur zombie (D:5)
  2 crimson imps (D:5)
  3 orc priests
  4 orc wizards
  3 iguanas
  2 worker ants
  4 sheep (D:7)
  A hound zombie (D:5)
  6 gnolls
  12 adders
  2 shadow imps
  2 worms
  An adder skeleton (D:4)
  4 giant geckos
  10 orcs
  16 bats
  2 bat zombies
  5 giant cockroaches
  12 goblins
  19 hobgoblins
  16 jackals
  15 kobolds
  2 quokkas
  A ball python (D:5)
  6 giant newts
  A jackal skeleton (D:5)
  24 rats
  6 ballistomycetes
  A fungus (D:3)
223 creatures vanquished.

Vanquished Creatures (collateral kills)
  Gastronok (D:10)
  Harold (D:12)
  Erica (D:12)
  A hill giant (D:10)
  A cyclops (D:12)
  3 ugly things
  Joseph (D:12)
  A gargoyle (D:12)
  The ghost of Herpmino the Insei, an experienced OpTm of Ashenzari (D:6)
  2 komodo dragons (D:12)
  A troll (D:11)
  Prince Ribbit (D:6)
  A basilisk (D:11)
  A wyvern (D:11)
  5 yaks
  A trapdoor spider (D:11)
  2 deep elf magi
  A water elemental (D:12)
  2 hungry ghosts (D:11)
  Grum (D:12)
  2 hippogriffs (D:9)
  A deep elf fighter (D:11)
  2 wolves (D:12)
  3 orc warriors
  A mottled dragon (D:12)
  An ice beast (D:7)
  A phantom (D:12)
  2 wasps
  An eye of draining (D:12)
  4 ogres
  2 centaurs
  5 giant frogs
  A gnoll sergeant (D:7)
  2 jellies
  5 killer bees (D:10)
  A scorpion (D:12)
  5 wights (D:11)
  A giant frog zombie (D:6)
  6 electric eels (D:12)
  A crimson imp (D:9)
  A goliath beetle (D:7)
  4 orc priests
  A hound (D:5)
  8 orc wizards
  3 worker ants
  3 sheep (D:12)
  A hound zombie (D:7)
  5 river rats (D:11)
  A worker ant zombie (D:10)
  5 gnolls
  An adder (D:11)
  23 orcs
  A ball python (D:4)
  2 hobgoblins
  2 jackals
  8 bats (D:11)
  2 giant newts
  2 giant spores
  A goblin (D:1)
  6 kobolds
  10 rats (D:11)
  4 ballistomycetes
170 creatures vanquished.

Vanquished Creatures (others)
  A centaur zombie (D:12)
  A guardian golem (D:12)
  6 wargs (D:12)
  10 wolves
  20 ice beasts
  9 crimson imps
  5 hounds
  3 iron imps
  A worker ant (D:7)
  3 shadow imps
  11 white imps
  An adder (D:12)
  A bat (D:5)
  A giant spore (D:7)
73 creatures vanquished.

Grand Total: 466 creatures vanquished

Notes
Turn   | Place    | Note
--------------------------------------------------------------
     0 | D:1      | PolkaDot, the Vampire Summoner, began the quest for the Orb.
     0 | D:1      | Reached XP level 1. HP: 13/13 MP: 3/3
     0 | D:1      | Upgraded the game from 0.16-a0-3884-g0a5f664 to 0.16-a0-3909-g31f9ca0
   273 | D:1      | Reached XP level 2. HP: 17/20 MP: 4/4
   322 | D:1      | Learned a level 2 spell: Call Imp
   328 | D:1      | Reached skill level 1 in Short Blades
  1048 | D:2      | Reached XP level 3. HP: 25/25 MP: 6/6
  1243 | D:2      | Found an iron altar of Okawaru.
  1244 | D:2      | Found an ancient bone altar of Kikubaaqudgha.
  1246 | D:2      | Found a shimmering altar of Xom.
  1295 | D:2      | Reached XP level 4. HP: 31/31 MP: 7/7
  2066 | D:3      | Found a stormy altar of Qazlal.
  2104 | D:3      | Learned a level 3 spell: Call Canine Familiar
  2201 | D:3      | Found a basalt altar of Yredelemnul.
  2201 | D:3      | Found a burning altar of Makhleb.
  2281 | D:3      | Reached XP level 5. HP: 24/36 MP: 9/9
  2437 | D:3      | Noticed a giant frog
  2447 | D:3      | Killed a giant frog
  3105 | D:4      | Noticed a phantom
  3119 | D:4      | Noticed an ogre
  3155 | D:4      | Killed a phantom
  3155 | D:4      | Reached skill level 5 in Summonings
  3155 | D:4      | Reached XP level 6. HP: 9/42 MP: 2/10
  3200 | D:4      | Killed an ogre
  3340 | D:4      | Reached skill level 5 in Short Blades
  3595 | D:4      | Reached XP level 7. HP: 40/47 MP: 8/12
  3603 | D:4      | Learned a level 4 spell: Summon Ice Beast
  3717 | D:5      | Entered Level 5 of the Dungeon
  3791 | D:5      | Found a staircase to the Ecumenical Temple.
  3802 | D:5      | Reached skill level 1 in Evocations
  3804 | D:5      | Reached skill level 6 in Summonings
  4077 | D:5      | Reached skill level 5 in Stealth
  4419 | Temple   | Entered the Ecumenical Temple
  4518 | D:5      | Reached XP level 8. HP: 53/53 MP: 13/13
  4629 | D:5      | Noticed a moth of wrath
  4631 | D:5      | Found a bloodstained altar of Trog.
  4674 | D:5      | Got a transparent quarterstaff
  4675 | D:5      | Identified the +8 quarterstaff of Debt {drain, *Rage rN+ MP+9} (You found it on level 5 of the Dungeon)
  4913 | D:5      | Reached skill level 7 in Summonings
  5087 | D:6      | Noticed Prince Ribbit
  5088 | D:6      | Found a glowing golden altar of the Shining One.
  5107 | D:6      | Found a glowing silver altar of Zin.
  5182 | D:6      | Found a white marble altar of Elyvilon.
  5656 | D:6      | Killed Prince Ribbit
  6010 | D:6      | Noticed Herpmino's ghost (experienced OpTm)
  6031 | D:6      | Killed Herpmino's ghost
  6031 | D:6      | Reached skill level 8 in Summonings
  6395 | D:7      | Found a deep blue altar of Sif Muna.
  6401 | D:7      | Became a worshipper of Sif Muna the Loreminder
  6466 | D:7      | Reached XP level 9. HP: 51/58 MP: 15/15
  6621 | D:7      | Reached skill level 1 in Ice Magic
  6645 | D:7      | Found Scheel Batada's Antique Armour Boutique.
  6700 | D:7      | Bought an embroidered robe for 17 gold pieces
  6700 | D:7      | Bought a runed robe for 17 gold pieces
  6700 | D:7      | Bought a runed helmet for 112 gold pieces
  6775 | D:7      | Reached skill level 9 in Summonings
  6840 | D:7      | Found a shadowy altar of Dithmenos.
  7224 | D:7      | Found Reutauj's Magic Scroll Boutique.
  7804 | D:8      | Acquired Sif Muna's first power
  8495 | D:9      | Reached skill level 10 in Summonings
  8754 | D:10     | Entered Level 10 of the Dungeon
  8768 | D:10     | Found a staircase to the Orcish Mines.
  8946 | D:10     | Reached skill level 10 in Stealth
  9125 | D:10     | Noticed Psyche
  9212 | D:10     | Reached XP level 10. HP: 64/64 MP: 17/17
  9468 | D:10     | Noticed a hill giant
  9482 | D:10     | Killed a hill giant
  9482 | D:10     | Acquired Sif Muna's second power
  9570 | D:10     | Noticed Gastronok
  9625 | D:10     | Paralysed by a wasp for 2 turns
  9788 | D:10     | Killed Psyche
  9807 | D:10     | Reached skill level 11 in Summonings
  9843 | D:10     | Killed Gastronok
  9843 | D:10     | Reached skill level 5 in Ice Magic
  9994 | D:10     | Learned a level 4 spell: Summon Guardian Golem
 10202 | D:11     | Noticed a green ugly thing
 10213 | D:11     | Killed a green ugly thing
 10213 | D:11     | Reached skill level 1 in Fighting
 10213 | D:11     | Reached skill level 1 in Hexes
 10262 | D:11     | Found a labyrinth entrance.
 10291 | Lab      | Entered a labyrinth
 11390 | D:11     | Reached skill level 1 in Staves
 11500 | D:11     | Reached skill level 12 in Summonings
 11682 | D:11     | Noticed a red ugly thing
 11691 | D:11     | Killed a red ugly thing
 12081 | D:11     | Found a staircase to the Lair.
 12445 | D:12     | Reached XP level 11. HP: 68/70 MP: 18/18
 12516 | D:12     | Noticed Harold
 12543 | D:12     | Killed Harold
 12735 | D:12     | Acquired Sif Muna's third power
 12768 | D:12     | Reached skill level 13 in Summonings
 12804 | D:12     | Reached skill level 5 in Hexes
 12823 | D:12     | Noticed Erica
 12833 | D:12     | Killed Erica
 12870 | D:12     | Noticed a cyclops
 13023 | D:12     | Killed a cyclops
 13144 | D:12     | Noticed Grum
 13147 | D:12     | Killed Grum
 13210 | D:12     | Noticed a brown ugly thing
 13214 | D:12     | Noticed Joseph
 13222 | D:12     | Killed a brown ugly thing
 13225 | D:12     | Killed Joseph
 13428 | D:12     | Noticed a hill giant
 13475 | D:12     | Mangled by a hill giant

Action                   |  1- 3 |  4- 6 |  7- 9 | 10-12 || total
-------------------------+-------+-------+-------+-------++-------
Melee: Dagger            |    95 |   207 |   624 |    92 ||  1018
       Unarmed           |     7 |       |       |       ||     7
       Quarterstaff      |       |       |     4 |     8 ||    12
       Staff             |       |       |       |   155 ||   155
Throw: Throwing net      |       |       |       |     1 ||     1
 Cast: Summon Small Mamm |     3 |       |       |       ||     3
       Call Imp          |       |     8 |    43 |    22 ||    73
       Call Canine Famil |       |     5 |    22 |    37 ||    64
       Summon Ice Beast  |       |       |       |    87 ||    87
       Summon Guardian G |       |       |       |     1 ||     1
Invok: Channel Energy    |       |       |       |   110 ||   110
 Abil: Evoke Berserk Rag |       |       |     1 |       ||     1
Evoke: Wand              |       |       |       |     4 ||     4
  Use: Potion            |     3 |    22 |    45 |    65 ||   135
       Scroll            |       |       |    10 |     9 ||    19
 Stab: Sleeping          |     1 |     4 |    17 |     3 ||    25
       Distracted        |       |       |     3 |     2 ||     5
  Eat: Corpse            |    13 |       |       |       ||    13
